 Dungeon Crawl Stone Soup version 0.27-a0-1384-g1422d76b99 (webtiles) character file.

Game seed: 16745160870643903264

65 Wyvernaa the Chiller (level 4, -1/36 HPs)
             Began as a Naga Ice Elementalist on June 25, 2021.
             Killed by nerve-wracking pain
             ... invoked by a shadow imp
              (13 damage)
             ... on level 4 of the Dungeon on July 1, 2021.
             The game lasted 00:19:43 (2933 turns).

Wyvernaa the Chiller (Naga Ice Elementalist)        Turns: 2933, Time: 00:19:46

Health: -1/36      AC:  2    Str: 10    XL:     4   Next: 13%
Magic:  2/7        EV: 10    Int: 16    God:
Gold:   56         SH:  0    Dex: 12    Spells: 4/8 levels left

rFire    . . .     SeeInvis +   e - +0 dagger
rCold    . . .     Faith    .   (no shield)
rNeg     . . .     Spirit   .   a - +0 robe
rPois    +         Reflect  .   (no helmet)
rElec    .         Harm     .   (no cloak)
rCorr    .         Rampage  .   (no gloves)
Will     .....                  (no barding)
Stlth    ++........             (no amulet)
HPRegen  0.12/turn              j - ring of wizardry
MPRegen  0.10/turn              (no ring)

@: freezing walls, very slow
A: AC +1, large, see invisible, deformed body, poison resistance, slowness 2,
spit poison 1, naga tail 1
a: Spit Poison


You were on level 4 of the Dungeon.
You visited 1 branch of the dungeon, and saw 3 of its levels.

You collected 56 gold pieces.

Inventory:

Hand Weapons
 e - a +0 dagger (weapon)
Armour
 a - a +0 robe (worn)
 b - a +0 kite shield
Jewellery
 j - a ring of wizardry (left hand)
Scrolls
 d - a scroll of teleportation
 h - a scroll of fear
 k - a scroll of blinking {unknown}
Potions
 c - 2 potions of heal wounds
 f - a potion of attraction {unknown}
 g - a potion of degeneration {unknown}
 i - a potion of magic {unknown}


   Skills:
 + Level 0.1 Fighting
 * Level 0.2 Short Blades
 + Level 1.7 Dodging
 + Level 3.1 Stealth
 + Level 2.6 Spellcasting
 + Level 5.0 Ice Magic


You had 4 spell levels left.
You knew the following spells:

 Your Spells              Type           Power      Damage    Failure   Level
a - Freeze                Ice            72%        1d9       1%          1
b - Frozen Ramparts       Ice            36%        1d5       3%          3

Your spell library contained the following spells:

 Spells                   Type           Power      Damage    Failure   Level
 Ozocubu's Armour         Ice            18%        N/A       3%          3
 Hailstorm                Conj/Ice       10%        3d5       26%         4
 Metabolic Englaciation   Hex/Ice        5%         N/A       56%         5


Dungeon Overview and Level Annotations

Branches:
Dungeon (2/15)

Altars:
Xom

Annotations:
D:4 2 runed translucent doors


Innate Abilities, Weirdness & Mutations

Your serpentine skin is tough. (AC +1)
You have supernaturally acute eyesight. (SInv)
Armour fits poorly on your strangely shaped body.
Your system is resistant to poisons. (rPois)
You cover ground very slowly.
You can spit poison.
You have a snake-like lower body.


Message History

* * * LOW HITPOINT WARNING * * *
It was a potion of heal wounds.
You feel much better. The shadow imp barely misses you.
You closely miss the shadow imp.
The shadow imp is severely wounded.
The shadow imp completely misses you.
You closely miss the shadow imp.
The shadow imp is severely wounded.
The shadow imp hits you.
You closely miss the shadow imp.
The shadow imp is severely wounded.
The shadow imp hits you.
You hit the shadow imp but do no damage.
The shadow imp is severely wounded.
The shadow imp hits you.
You hit the shadow imp.
The shadow imp is severely wounded.
The shadow imp gestures at you. Pain shoots through your body!
Press: ? - help, Shift-Dir - straight line, f/p - shadow imp
Aim: a shadow imp (severely wounded)
The splash of poison misses the shadow imp.
The shadow imp gestures at you.
You struggle to resist.
Casting: Freeze (safe; 1% risk of failure)
Confirm with . or Enter, or press ? or * to list all spells.
Casting: Frozen Ramparts (dangerous; 3% risk of failure)
Press: ? - help, Dir - look around, f - activate The walls around you are covered in ice.
The shadow imp resists.
The wall freezes the shadow imp.
The shadow imp shouts, "Begone, thou villainous boil-brained fleecer!"
The shadow imp gestures at you. Pain shoots through your body!
You hit the shadow imp but do no damage.
The shadow imp is almost dead.
You have got your breath back.
The shadow imp resists.
The wall freezes the shadow imp.
The shadow imp gestures at you. Pain shoots through your body!
You die...

#. .<.... ####.
#.. .#
..#..#....###
.<.........
#..#.#..#
#.......#
#...5..# .#####
#@#
©.....##.#######
######..........
##
....##.#####.#.
.# .. #.# ## #.#
## #.# .# ##.#
## #..#


You could see a shadow imp.

Vanquished Creatures
  An adder (D:4)
  A worm (D:4)
  A dart slug (D:1)
  6 ball pythons
  2 bats (D:1)
  9 endoplasms
  2 giant cockroaches (D:1)
  5 goblins
  5 hobgoblins
  3 kobolds
  4 quokkas
  4 frilled lizards (D:1)
  2 rats (D:2)
45 creatures vanquished.

Notes
Turn   | Place    | Note
-------+----------+-------------------------------------------
     0 | D:1      | Wyvernaa the Naga Ice Elementalist began the quest for the
                  | Orb.
     0 | D:1      | Reached XP level 1. HP: 15/15 MP: 3/3
   320 | D:1      | Reached XP level 2. HP: 22/22 MP: 3/5
  1144 | D:1      | Reached XP level 3. HP: 21/28 MP: 4/6
  1208 | D:1      | Learned a level 3 spell: Frozen Ramparts
  1756 | D:1      | Upgraded the game from 0.27-a0-1332-g84bddb5ca7 to
                  | 0.27-a0-1384-g1422d76b99
  2267 | D:2      | Found a shimmering altar of Xom.
  2481 | D:2      | You fall into a shaft and drop 2 floors!
  2633 | D:4      | Found a large runed translucent door.
  2633 | D:4      | Found a large runed translucent door.
  2675 | D:4      | Reached skill level 5 in Ice Magic
  2675 | D:4      | Reached XP level 4. HP: 36/36 MP: 3/7
  2933 | D:4      | Killed from afar by a shadow imp

Illustrated notes

Levels and vault maps discovered:
D:1:      shiori_shiawase, layout_basic, minmay_domino_2
D:2:      layout_basic, basic_altar, glass_columns_a, st_stairs_5,
          lexackson_kobold_supper
D:4:      layout_loops_cross, jmf_multi_god_temple2,
          nicolae_kikubaaqudgha_miasma_corner, gammafunk_ghost_smash,
          kennysheep_small_spiral

Skill      XL: |  1  2  3 |
---------------+----------+-----
Ice Magic      | 5 |  5.0
Fighting       | |  0.1
Short Blades   | |  0.2
Dodging        | |  1.7
Stealth        | |  3.1
Spellcasting   | |  2.6

Action                   |  1- 3 |  4- 6 || total
-------------------------+-------+-------++-------
Melee: Dagger            |    14 |    18 ||    32
       Unarmed           |     1 |       ||     1
 Cast: Freeze            |    17 |     1 ||    18
       Frozen Ramparts   |    10 |     2 ||    12
 Abil: Spit Poison       |    35 |     3 ||    38
  Use: Scroll            |     3 |       ||     3
       Potion            |       |     1 ||     1
 Stab: Sleeping          |     1 |     1 ||     2
Armor: Robe              |     5 |     2 ||     7
Dodge: Dodged            |    16 |     7 ||    23

Table legend: (Time is in decaauts)
 A = Elapsed time spent in this place.
 B = Non-inter-level travel time spent in this place.
 C = Inter-level travel time spent in this place.
 D = Time resting spent in this place.
 E = Time spent auto-exploring this place.
 F = Levels seen in this place.
 G = Mean time per level.
                   A        B        C        D        E       F      G
               +--------+--------+--------+--------+--------+-----+--------+
         Total |   3599 |   3506 |     93 |    924 |   1458 |   3 | 1199.7 |
       Dungeon |   3599 |   3506 |     93 |    924 |   1458 |   3 | 1199.7 |
               +--------+--------+--------+--------+--------+-----+--------+

Top non-repeatable levels by time:
     D:1: 2213 daAuts
     D:2: 837 daAuts
     D:4: 548 daAuts
